R - U22
DAYTONA BEACH HURRICANES @ AHWATUKEE ROUGHNECKS
09/07/2052
 
TOP OF THE 1ST
Great Falls Voyagers batting - Pitching for Elizabethton Twins : LHP Owen McGilligan
Pitching: LHP Owen McGilligan
Batting: LHB Jake Schrock 0-0: Ball
1-0: Bunted foul
1-1: Ball
2-1: Ball
3-1: Called Strike
3-2: Fly out, F1 (Line Drive, P, EV 68.1 MPH)
Batting: RHB Benjamin Benvenuto 0-0: Ball
1-0: Ball
2-0: Ball
3-0: Base on Balls
Batting: LHB Hudson Roberts 0-0: Reached on error, E5 (Groundball, 5, EV 81.9 MPH)
Benjamin Benvenuto to second
Batting: SHB Jacob Filipkowski 0-0: Called Strike
0-1: Ball
1-1: Grounds out, U3 (Groundball, 3L, EV 88.8 MPH)
Benjamin Benvenuto to third
Batting: RHB R.J. Powell 0-0: Ball
1-0: Swinging Strike
1-1: Foul Ball, location: 2F
1-2: Strikes out swinging
Top of the 1st over - 0 runs, 0 hits, 1 error, 2 left on base; Great Falls 0 - Elizabethton 0
BOTTOM OF THE 1ST
Elizabethton Twins batting - Pitching for Great Falls Voyagers : LHP Jon Grassia
Pitching: LHP Jon Grassia
Batting: SHB Sylas Weber 0-0: Ground out 4-3 (Groundball, 4, EV 87.5 MPH)
Batting: LHB Thiago Bye 0-0: Ball
1-0: Ball
2-0: Fly out, F7 (Flyball, 7, EV 88.1 MPH)
Batting: RHB Mark Allen 0-0: Ball
1-0: Ball
2-0: Foul Ball, location: 2F
2-1: Ball
3-1: Foul Ball, location: 2F
3-2: Reached on error, E4 (Groundball, 4, EV 98.1 MPH)
Batting: LHB Joseph Williams 0-0: Foul Ball, location: 2F
0-1: Foul Ball, location: 2F
0-2: Strikes out swinging
Bottom of the 1st over - 0 runs, 0 hits, 1 error, 1 left on base; Great Falls 0 - Elizabethton 0
TOP OF THE 2ND
Great Falls Voyagers batting - Pitching for Elizabethton Twins : LHP Owen McGilligan
Batting: SHB Nick Gargano 0-0: Ball
1-0: Ball
2-0: Called Strike
2-1: Foul Ball, location: 2F
2-2: Fly out, F9 (Line Drive, 89M, EV 89.4 MPH)
Batting: RHB Weston Daniels 0-0: Called Strike
0-1: Swinging Strike
0-2: Foul Ball, location: 2F
0-2: Fly out, F8 (Flyball, 8LM, EV 83.1 MPH)
Batting: RHB Bray Migliore 0-0: Called Strike
0-1: Ball
1-1: Fly out, F8 (Flyball, 8RD, EV 100.0 MPH)
Top of the 2nd over - 0 runs, 0 hits, 0 errors, 0 left on base; Great Falls 0 - Elizabethton 0
BOTTOM OF THE 2ND
Elizabethton Twins batting - Pitching for Great Falls Voyagers : LHP Jon Grassia
Batting: RHB Yewri Paniagua 0-0: Called Strike
0-1: Ball
1-1: Ball
2-1: Ground out 6-3 (Groundball, 56D, EV 105.0 MPH)
Batting: SHB Sylvester Cotter 0-0: Ball
1-0: Ball
2-0: Ball
3-0: Swinging Strike
3-1: Base on Balls
Batting: RHB Noah Jowers 0-0: SINGLE (Groundball, 56D, EV 96.2 MPH)
Sylvester Cotter to second
Batting: RHB Victor Rodríguez 0-0: Called Strike
0-1: Ball
1-1: Called Strike
1-2: Ball
2-2: Strikes out swinging
Batting: RHB Hugo Coutu 0-0: DOUBLE (Line Drive, 78XD, EV 99.4 MPH)
Sylvester Cotter scores
Noah Jowers to third
Runner from 3rd tries for Home, SAFE, no throw by CF
Batting: SHB Sylas Weber 0-0: Ball
1-0: Ball
2-0: Ball
3-0: Foul Ball, location: 2F
3-1: Swinging Strike
3-2: 2-RUN HOME RUN (Flyball, 7LD, EV 92.5 MPH), Distance : 330 ft
Batting: LHB Thiago Bye 0-0: Ball
1-0: Ball
2-0: Ball
3-0: Called Strike
3-1: Fly out, F9 (Flyball, 89M, EV 85.0 MPH)
Bottom of the 2nd over - 4 runs, 3 hits, 0 errors, 0 left on base; Great Falls 0 - Elizabethton 4
TOP OF THE 3RD
Great Falls Voyagers batting - Pitching for Elizabethton Twins : LHP Owen McGilligan
Batting: RHB Myron Gapusan 0-0: Ball
1-0: Ball
2-0: Called Strike
2-1: SINGLE (Groundball, 6D, EV 103.1 MPH)
Batting: LHB Jake Schrock 0-0: Ball
1-0: Foul Ball, location: 2F
1-1: Fly out, F8 (Flyball, 8LD, EV 83.8 MPH)
Batting: RHB Benjamin Benvenuto 0-0: Foul Ball, location: 2F
0-1: Foul Ball, location: 2F
0-2: Ball
1-2: Hit by Pitch
Myron Gapusan to second
Batting: LHB Hudson Roberts 0-0: Foul Ball, location: 2F
0-1: Ball
1-1: Called Strike
1-2: Strikes out swinging
Batting: SHB Jacob Filipkowski 0-0: Called Strike
0-1: Ball
1-1: Fly out, F7 (Flyball, 7, EV 91.9 MPH)
Top of the 3rd over - 0 runs, 1 hit, 0 errors, 2 left on base; Great Falls 0 - Elizabethton 4
BOTTOM OF THE 3RD
Elizabethton Twins batting - Pitching for Great Falls Voyagers : LHP Jon Grassia
Batting: RHB Mark Allen 0-0: Ball
1-0: Called Strike
1-1: Called Strike
1-2: Ball
2-2: Strikes out swinging
Batting: LHB Joseph Williams 0-0: Swinging Strike
0-1: Foul Ball, location: 2F
0-2: Fly out, F6 (Line Drive, 6MD, EV 67.5 MPH)
Batting: RHB Yewri Paniagua 0-0: Called Strike
0-1: Foul Ball, location: 2F
0-2: Ball
1-2: Ground out 5-3 (Groundball, 5L, EV 108.8 MPH)
Bottom of the 3rd over - 0 runs, 0 hits, 0 errors, 0 left on base; Great Falls 0 - Elizabethton 4
TOP OF THE 4TH
Great Falls Voyagers batting - Pitching for Elizabethton Twins : LHP Owen McGilligan
Batting: RHB R.J. Powell 0-0: Called Strike
0-1: Ball
1-1: Called Strike
1-2: Foul Ball, location: 2F
1-2: Ball
2-2: Ground out 4-3 (Groundball, 4, EV 102.5 MPH)
Batting: SHB Nick Gargano 0-0: Fly out, F9 (Flyball, 9S, EV 80.0 MPH)
Batting: RHB Weston Daniels 0-0: Ball
1-0: SINGLE (Line Drive, 9LS, EV 102.5 MPH)
Batting: RHB Bray Migliore 0-0: Ball
1-0: Called Strike
1-1: Ball
2-1: Ball
3-1: Called Strike
3-2: Foul Ball, location: 2F
3-2: Fly out, F8 (Flyball, 8LD, EV 110.0 MPH)
Top of the 4th over - 0 runs, 1 hit, 0 errors, 1 left on base; Great Falls 0 - Elizabethton 4
BOTTOM OF THE 4TH
Elizabethton Twins batting - Pitching for Great Falls Voyagers : LHP Jon Grassia
Batting: SHB Sylvester Cotter 0-0: Ball
1-0: SINGLE (Groundball, 6MD, EV 98.8 MPH)
Batting: RHB Noah Jowers 0-0: Fly out, F8 (Line Drive, 89M, EV 94.4 MPH)
Batting: RHB Victor Rodríguez 0-0: Ball
1-0: Foul Ball, location: 2F
1-1: Fly out, F9 (Line Drive, 9, EV 98.8 MPH)
Batting: RHB Hugo Coutu 0-0: Called Strike
0-1: Called Strike
0-2: Strikes out swinging
Bottom of the 4th over - 0 runs, 1 hit, 0 errors, 1 left on base; Great Falls 0 - Elizabethton 4
TOP OF THE 5TH
Great Falls Voyagers batting - Pitching for Elizabethton Twins : LHP Owen McGilligan
Batting: RHB Myron Gapusan 0-0: Called Strike
0-1: Called Strike
0-2: Foul Ball, location: 2F
0-2: Foul Ball, location: 2F
0-2: Fly out, F9 (Flyball, 89M, EV 91.9 MPH)
Batting: LHB Jake Schrock 0-0: SINGLE (Groundball, 6MD, EV 98.1 MPH)
Batting: RHB Benjamin Benvenuto 0-0: Called Strike
0-1: Ball
1-1: Ball
2-1: Called Strike
2-2: Strikes out swinging
Batting: LHB Hudson Roberts 0-0: Ball
1-0: Foul Ball, location: 2F
1-1: Swinging Strike
1-2: Ball
Jake Schrock is caught stealing 2nd base 2-6
Top of the 5th over - 0 runs, 1 hit, 0 errors, 0 left on base; Great Falls 0 - Elizabethton 4
BOTTOM OF THE 5TH
Elizabethton Twins batting - Pitching for Great Falls Voyagers : LHP Jon Grassia
Batting: SHB Sylas Weber 0-0: Ball
1-0: Foul Ball, location: 2F
1-1: Foul Ball, location: 2F
1-2: Strikes out looking and he ARGUES THE CALL AND IS TOSSED!
Batting: LHB Thiago Bye 0-0: Swinging Strike
0-1: Ball
1-1: Ball
2-1: Foul Ball, location: 2F
2-2: Ball
3-2: Foul Ball, location: 2F
3-2: Strikes out looking
Batting: RHB Mark Allen 0-0: Foul Ball, location: 2F
0-1: Ball
1-1: Swinging Strike
1-2: Ball
2-2: Ball
3-2: Foul Ball, location: 2F
3-2: Strikes out looking
Bottom of the 5th over - 0 runs, 0 hits, 0 errors, 0 left on base; Great Falls 0 - Elizabethton 4
TOP OF THE 6TH
Great Falls Voyagers batting - Pitching for Elizabethton Twins : LHP Owen McGilligan
Now at SS: Jeron Williams
Batting: LHB Hudson Roberts 0-0: Ball
1-0: Ball
2-0: Foul Ball, location: 2F
2-1: Ball
3-1: Ground out 4-3 (Groundball, 4, EV 104.4 MPH)
Pitching: RHP Pablo Flores
Batting: SHB Jacob Filipkowski 0-0: Ball
1-0: Called Strike
1-1: Ball
2-1: Called Strike
2-2: Ball
3-2: Strikes out swinging
Batting: RHB R.J. Powell 0-0: Ball
1-0: Foul Ball, location: 2F
1-1: SINGLE (Line Drive, 8LS, EV 93.8 MPH)
Batting: SHB Nick Gargano 0-0: Ball
1-0: Called Strike
1-1: Foul Ball, location: 2F
1-2: Foul Ball, location: 2F
1-2: Ball
2-2: Foul Ball, location: 2F
2-2: Fly out, F9 (Flyball, 9, EV 92.5 MPH)
Top of the 6th over - 0 runs, 1 hit, 0 errors, 1 left on base; Great Falls 0 - Elizabethton 4
BOTTOM OF THE 6TH
Elizabethton Twins batting - Pitching for Great Falls Voyagers : LHP Jon Grassia
Batting: LHB Joseph Williams 0-0: Called Strike
0-1: Called Strike
0-2: Ball
1-2: Strikes out looking
Batting: RHB Yewri Paniagua 0-0: Swinging Strike
0-1: Ball
1-1: Ball
2-1: Fly out, F8 (Flyball, 8RM, EV 77.5 MPH)
Batting: SHB Sylvester Cotter 0-0: Called Strike
0-1: Swinging Strike
0-2: Foul Ball, location: 2F
0-2: Foul Ball, location: 2F
0-2: Strikes out swinging, 2-3 out at first.
Bottom of the 6th over - 0 runs, 0 hits, 0 errors, 0 left on base; Great Falls 0 - Elizabethton 4
TOP OF THE 7TH
Great Falls Voyagers batting - Pitching for Elizabethton Twins : RHP Pablo Flores
Batting: RHB Weston Daniels 0-0: Ball
1-0: Ball
2-0: Ball
3-0: Base on Balls
Batting: RHB Bray Migliore 0-0: Ball
1-0: Called Strike
1-1: Foul Ball, location: 2F
1-2: Fielders Choice at 2nd, 5-4 (Groundball, 56, EV 86.2 MPH)
Batting: RHB Myron Gapusan 0-0: Ball
1-0: Ball
2-0: Called Strike
2-1: Ball
3-1: Called Strike
3-2: 2-RUN HOME RUN (Flyball, 78XD, EV 99.4 MPH), Distance : 405 ft
Batting: LHB Jake Schrock 0-0: Ball
1-0: Ball
2-0: Called Strike
2-1: Foul Ball, location: 2F
2-2: Ball
3-2: Ground out 4-3 (Groundball, 34, EV 103.1 MPH)
Batting: RHB Benjamin Benvenuto 0-0: Ball
1-0: SINGLE (Line Drive, 78S, EV 101.9 MPH)
Batting: LHB Hudson Roberts 0-0: Foul Ball, location: 2F
0-1: SINGLE (Line Drive, 34D, EV 104.4 MPH)
Benjamin Benvenuto to second
Batting: SHB Jacob Filipkowski 0-0: Fly out, F8 (Flyball, 8LD, EV 91.2 MPH)
Top of the 7th over - 2 runs, 3 hits, 0 errors, 2 left on base; Great Falls 2 - Elizabethton 4
BOTTOM OF THE 7TH
Elizabethton Twins batting - Pitching for Great Falls Voyagers : LHP Jon Grassia
Batting: RHB Noah Jowers 0-0: Ball
1-0: Ground out U3 (Groundball, 3, EV 88.8 MPH)
Pitching: RHP Luis Narvaez
Batting: RHB Victor Rodríguez 0-0: Called Strike
0-1: Swinging Strike
0-2: Strikes out swinging
Batting: RHB Hugo Coutu 0-0: Swinging Strike
0-1: Ball
1-1: Foul Ball, location: 2F
1-2: Strikes out looking
Bottom of the 7th over - 0 runs, 0 hits, 0 errors, 0 left on base; Great Falls 2 - Elizabethton 4
TOP OF THE 8TH
Great Falls Voyagers batting - Pitching for Elizabethton Twins : RHP Pablo Flores
Batting: RHB R.J. Powell 0-0: Swinging Strike
0-1: Ball
1-1: Ball
2-1: Foul Ball, location: 2F
2-2: Ball
3-2: Base on Balls
Pitching: RHP Sonny Carey
Batting: SHB Nick Gargano 0-0: Foul Ball, location: 2F
0-1: Ball
1-1: Swinging Strike
1-2: Fielders Choice at 2nd, 5-4 (Groundball, 5L, EV 88.1 MPH)
Pinch Hitting: SHB Conner Fleetwood 0-0: Ball
1-0: Foul Ball, location: 2F
1-1: 2-RUN HOME RUN (Flyball, 78XD, EV 101.9 MPH), Distance : 410 ft
Pinch Hitting: LHB Tomás Ayala 0-0: Swinging Strike
0-1: Ground out 4-3 (Groundball, 4, EV 106.2 MPH)
Batting: RHB Myron Gapusan 0-0: Ball
1-0: Foul Ball, location: 2F
1-1: Ball
2-1: Swinging Strike
2-2: Strikes out looking
Top of the 8th over - 2 runs, 1 hit, 0 errors, 0 left on base; Great Falls 4 - Elizabethton 4
BOTTOM OF THE 8TH
Elizabethton Twins batting - Pitching for Great Falls Voyagers : RHP Luis Narvaez
Now at 2B: Jeff White
Now at 3B: Ricardo Montero
Pinch Hitting: LHB Martin Del Rio 0-0: Called Strike
0-1: Ball
1-1: Ball
2-1: Foul Ball, location: 2F
2-2: SOLO HOME RUN (Flyball, 89XD, EV 98.1 MPH), Distance : 385 ft
Batting: LHB Thiago Bye 0-0: SOLO HOME RUN (Flyball, 9D, EV 96.9 MPH), Distance : 376 ft
Batting: RHB Mark Allen 0-0: Ball
1-0: Ball
2-0: Ball
3-0: Called Strike
3-1: Fly out, F8 (Flyball, 8LXD, EV 100.0 MPH)
Batting: LHB Joseph Williams 0-0: Ball
1-0: Fly out, F9 (Line Drive, 9, EV 96.9 MPH)
Batting: RHB Yewri Paniagua 0-0: Called Strike
0-1: Foul Ball, location: 2F
0-2: Fly out, F4 (Popup, 4, EV 66.2 MPH)
Bottom of the 8th over - 2 runs, 2 hits, 0 errors, 0 left on base; Great Falls 4 - Elizabethton 6
TOP OF THE 9TH
Great Falls Voyagers batting - Pitching for Elizabethton Twins : RHP Sonny Carey
Pitching: LHP Keegan Page
Now at 2B: Wyatt Howard
Now at SS: Jaiden Gore
Batting: LHB Jake Schrock 0-0: Ball
1-0: Ball
2-0: Fly out, F9 (Line Drive, 9S, EV 88.8 MPH)
Batting: RHB Benjamin Benvenuto 0-0: Called Strike
0-1: Ball
1-1: Ball
2-1: Ball
3-1: Base on Balls
Batting: LHB Hudson Roberts 0-0: Called Strike
0-1: Called Strike
0-2: Ball
1-2: Fly out, F8 (Flyball, 78M, EV 83.8 MPH)
Pinch Hitting: RHB Alvin Hatton 0-0: SINGLE (Line Drive, 6M, EV 98.8 MPH)
Benjamin Benvenuto to second
Batting: RHB R.J. Powell 0-0: Ball
1-0: Called Strike
1-1: Foul Ball, location: 2F
1-2: Strikes out swinging
Top of the 9th over - 0 runs, 1 hit, 0 errors, 2 left on base; Great Falls 4 - Elizabethton 6
Monday, May 6th , 2024 - OOTP Baseball 24.11 Build 85